 Dungeon Crawl Stone Soup version 0.31-a0-145-g046c7d2549 (webtiles) character file.

Game seed: 17929194289226412757

162291 mdonais the Warrior (level 18, -12/162 HPs)
             Began as a Djinni Air Elementalist on June 5, 2023.
             Was the Champion of Hepliaklqana.
             Mangled by a sun moth (26 damage)
             ... on level 4 of the Spider Nest on June 6, 2023.
             The game lasted 02:12:14 (26164 turns).

mdonais the Warrior (Djinni Air Elementalist)      Turns: 26164, Time: 02:12:15

Health: -12/162    AC: 39    Str:  7    XL:     18   Next: 43%
Gold:   1283       EV: 18    Int: 36    God:    Hepliaklqana [******] SH: 13 Dex: 17

rFire   + +          .
                       - Unarmed
rCold   . . .        c - +0 kite shield {reflect}
rNeg    + + +        L - melded +0 robe {Archmagi}
rPois   ∞            v - +0 mask of the Dragon {Will+ Slay+3 SInv}
rElec   +            O - +1 cloak
rCorr   .            N - melded +2 pair of gloves of the Sun {Int+2}
SInv    +            (boots unavailable)
Will    ++...        C - amulet "Fyuptas" {rN+ Regen+ Int+4 SInv}
Stlth   +            G - ring of Zokk {Drain rN+ Int+8 Dex+2}
HPRegen 1.27/turn    j - ring "Jeomoot" {rC+ AC+4}
MPRegen 0.00/turn

%: reflection, infuse magic (-13 HP)
@: about to teleport, statue-form, flying, glowing, studying Fighting, very slow
A: slow and powerful, torment resistance 1, flying, boosted hp, reduced essence,
sickness immunity, fire resistance 2, cold vulnerability 1, float, innate
caster, HP casting, extra vitality 1
a: End Transformation, Renounce Religion, Recall Ancestor, Ancestor Identity,
Transference, Idealise


You were on level 4 of the Spider Nest.
You worshipped Hepliaklqana.
Hepliaklqana was exalted by your worship.
You were a living statue of rough stone.
You visited 4 branches of the dungeon, and saw 26 of its levels.
You also visited: Gauntlet and Volcano.

You collected 2898 gold pieces.
You spent 1615 gold pieces at shops.

Inventory:

Hand Weapons
 l - the +10 trident of Ecusemyg {pain, Fly Dex+3}
   (You took it off a minotaur in a Gauntlet)

   Dex:       It affects your dexterity (+3).
   Fly:       It grants you flight.
 K - the +4 sling "Ykusuafi" {flame, +Blink rF- rC+++ Str-3}
   (You found it on level 6 of the Dungeon)

   Str:       It affects your strength (-3).
   rF:        It makes you vulnerable to fire.
   rC:        It renders you almost immune to cold.
   +Blink:    It lets you blink.
Missiles
 F - 6 curare-tipped darts
Armour
 c - a +0 kite shield of reflection (worn)
   (You took it off Donald on level 2 of the Orcish Mines)
 d - a +2 pair of gloves of strength
   (You found it on level 13 of the Dungeon)
 t - a +0 troll leather armour
   (You found it on level 10 of the Dungeon)
 v - the +0 mask of the Dragon (worn) {Will+ Slay+3 SInv}
   (You found it on level 4 of the Lair of Beasts)

   Slay:      It affects your accuracy & damage with ranged weapons and melee
   (+3).
   SInv:      It lets you see invisible.
   Will:      It increases your willpower.
 L - a +0 robe of the Archmagi (melded)
   (You found it on level 3 of the Lair of Beasts)
 N - the +2 pair of gloves of the Sun (melded) {Int+2}
   (You found it on level 3 of the Lair of Beasts)

   Int:       It affects your intelligence (+2).
 O - a +1 cloak (worn)
   (You found it on level 4 of the Dungeon)
 R - a scarf of shadows
   (You found it on level 4 of the Spider Nest)
Magical Staves
 i - a staff of conjuration
   (You found it on level 4 of the Lair of Beasts)
 u - a staff of cold
   (You found it on level 10 of the Dungeon)
 I - a staff of earth
   (You found it on level 7 of the Dungeon)
Jewellery
 g - a ring of resist corrosion
   (You found it on level 11 of the Dungeon)
 j - the ring "Jeomoot" (right fist) {rC+ AC+4}
   (You found it in a Gauntlet)

   [ring of protection]

   AC:        It affects your AC (+4).
   rC:        It protects you from cold.
 o - a +6 ring of intelligence
   (You found it on level 7 of the Dungeon)
 C - the amulet "Fyuptas" (around neck) {rN+ Regen+ Int+4 SInv}
   (You acquired it on level 6 of the Dungeon)

   [amulet of regeneration]

   Int:       It affects your intelligence (+4).
   rN:        It protects you from negative energy.
   SInv:      It lets you see invisible.
   Regen:     It increases your rate of health regeneration.
 E - a ring of fire
   (You found it on level 5 of the Dungeon)
 G - the ring of Zokk (left fist) {Drain rN+ Int+8 Dex+2}
   (You found it on level 13 of the Dungeon)

   [ring of positive energy]

   Int:       It affects your intelligence (+8).
   Dex:       It affects your dexterity (+2).
   rN:        It protects you from negative energy.
   Drain:     It drains your maximum health when unequipped.
Wands
 a - a wand of roots (31)
   (You took it off Ijyb on level 5 of the Dungeon)
 k - a wand of mindburst (29)
   (You found it on level 6 of the Dungeon)
 A - a wand of acid (6)
   (You took it off Maurice on level 1 of the Orcish Mines)
 P - a wand of paralysis (34)
   (You found it on level 3 of the Dungeon)
 V - a wand of flame (1)
   (You found it on level 12 of the Dungeon)
Scrolls
 b - a scroll of fear
 n - 9 scrolls of enchant armour
 s - a scroll of immolation
 x - 2 scrolls of vulnerability
 B - a scroll of blinking
 D - a scroll of fog
 J - a scroll of butterflies
 M - 4 scrolls of magic mapping
 S - 3 scrolls of silence
 T - 9 scrolls of teleportation
 Y - 3 scrolls of poison
Potions
 e - 4 potions of resistance
 f - 6 potions of mutation
 h - 2 potions of attraction
 m - 2 potions of invisibility
 p - 3 potions of cancellation
 q - a potion of berserk rage
 r - 4 potions of enlightenment
 w - 3 potions of lignification
 y - 7 potions of heal wounds
 z - 3 potions of brilliance
 H - 2 potions of haste
 Q - 8 potions of curing
 W - 6 potions of ambrosia
 Z - a potion of might
Miscellaneous
 U - a phial of floods
   (You found it on level 14 of the Dungeon)
 X - a box of beasts
   (You found it in a Gauntlet)


   Skills:
 - Level 16.0 Fighting
 - Level 1.0 Armour
 + Level 12.5 Dodging
 - Level 3.0 Stealth
 - Level 12.7 Shields
 * Level 15.7 Unarmed Combat
 - Level 12.4 Spellcasting
 - Level 12.4 Conjurations
 - Level 12.4 Hexes
 - Level 12.4 Summonings
 - Level 12.4 Necromancy
 - Level 12.4 Translocations
 - Level 12.4 Transmutations
 - Level 12.4 Fire Magic
 - Level 12.4 Ice Magic
 - Level 12.4 Air Magic
 - Level 12.4 Earth Magic
 - Level 12.4 Poison Magic
 - Level 7.0 Evocations


You knew the following spells:

 Your Spells              Type           Power      Damage    Failure   Level
a - Statue Form           Tmut/Erth      56%        N/A       5%          6
b - Summon Cactus Giant   Summ           42%        N/A       5%          6
c - Static Discharge      Conj/Air       100%       2-7/arc   1%          2
d - Airstrike             Air            42%        2d(6-22)  1%          4
e - Freeze                Ice            100%       1d10      1%          1
f - Swiftness             Air            84%        N/A       1%          3
g - Blink                 Tloc           100%       N/A       1%          2
h - Portal Projectile     Hex/Tloc       100%       N/A       1%          3
i - Anguish               Hex/Necr       42%        N/A       1%          4
j - Agony                 Necr           84%        N/A       1%          5
k - Shock                 Conj/Air       100%       1d9       1%          1
l - Searing Ray           Conj           100%       2d8       1%          2
Your spell library was empty.

Dungeon Overview and Level Annotations

Branches:
Dungeon (15/15) Zot: 25068  Temple (0/1) D:4            Lair (5/5) D:11 Zot: 23132
 Shoals (0/4) Lair:3       Spider (4/4) Lair:2 Zot: 19895   Slime (0/5) Lair:4
    Orc (2/2) D:10 Zot: 10327     Elf (0/3) Orc:2        Vaults (0/5) D:14
 Depths (0/4) D:15        Volcano (visited)         Gauntlet (visited)

Altars:
Ashenzari
Hepliaklqana
Makhleb
Ru
Wu Jian
Jiyva

Shops:
D:2 (   D:13 =   Orc:2 ((:?(!**[

Annotations:
Spider:4 3 runed translucent doors, Iich's ghost, adept DsFi


Innate Abilities, Weirdness & Mutations

You are a living statue of rough stone.
Your actions are slow, but your melee attacks are powerful.
You are resistant to unholy torment.
You are flying.
Your maximum health is greatly increased.
Your equipment is partially melded.
Your life essence is reduced to manifest your ancestor. (-10% HP)
You are immune to sickness and miasma.
You are immune to poison.
Your flesh is very heat resistant. (rF++)
You are vulnerable to cold. (rC-)
You float through the air rather than walking.
You learn spells naturally, not from books.
Your magical power is your life essence.
You have superior vitality. (+4 MHP)


Message History

As you read the scroll of poison, it crumbles to dust.
The moth of wrath is engulfed in poison gas.
The moth of wrath is poisoned.
You regained 2 hp, and now have 112/162 hp.
Casting: Blink (safe; 1% risk of failure)
Confirm with . or Enter, or press ? or * to list all spells.
The emperor scorpion is struck by an arc of lightning.
The emperor scorpion is lightly wounded.
You resist.
You are struck by an arc of lightning.
The emperor scorpion is struck by an arc of lightning!
The emperor scorpion is lightly wounded.
You resist.
You are struck by an arc of lightning.
The moth of wrath is struck by an arc of lightning!
The moth of wrath is moderately wounded.
The lightning grounds out.
The moth of wrath is struck by an arc of lightning.
The moth of wrath is moderately wounded.
You resist.
You are struck by an arc of lightning.
The emperor scorpion is struck by an arc of lightning!
The emperor scorpion is lightly wounded.
The moth of wrath is struck by an arc of lightning!
The moth of wrath is heavily wounded.
The emperor scorpion is struck by an arc of lightning!
The emperor scorpion is moderately wounded.
The lightning grounds out.
The emperor scorpion barely misses you.
The emperor scorpion claws you but does no damage. x2
The moth of wrath is engulfed in poison gas.
The moth of wrath looks even sicker.
The moth of wrath closely misses you.
The sun moth is poisoned.
The emperor scorpion stings you but does no damage.
The emperor scorpion misses you.
The emperor scorpion completely misses you.
The redback is poisoned.
The moth of wrath is engulfed in poison gas.
The moth of wrath looks even sicker.
The moth of wrath goads the sun moth on!
The sun moth goes berserk!
You take 2 damage, and have 110/162 hp.
Casting: Static Discharge (safe; 1% risk of failure)
Confirm with . or Enter, or press ? or * to list all spells.
The emperor scorpion is struck by an arc of lightning.
The emperor scorpion is moderately wounded.
The moth of wrath is struck by an arc of lightning.
The moth of wrath is severely wounded.
The lightning grounds out.
The moth of wrath is struck by an arc of lightning.
The moth of wrath is severely wounded.
You resist.
You are struck by an arc of lightning.
The moth of wrath is struck by an arc of lightning.
The moth of wrath is severely wounded.
The emperor scorpion is struck by an arc of lightning.
The emperor scorpion is moderately wounded.
The moth of wrath is struck by an arc of lightning.
The moth of wrath is almost dead.
The lightning grounds out.
The sun moth is struck by an arc of lightning.
The sun moth resists.
The sun moth is lightly wounded.
You resist.
You are struck by an arc of lightning.
The moth of wrath is struck by an arc of lightning!
The moth of wrath is almost dead.
The lightning grounds out.
The sun moth is engulfed in poison gas.
The sun moth looks even sicker.
You block the sun moth's attack.
The emperor scorpion barely misses you. x2; The emperor scorpion misses you.
The tarantella is engulfed in poison gas.
The tarantella is poisoned.
The redback is engulfed in poison gas.
The redback looks even sicker.
The sun moth is engulfed in poison gas.
The sun moth looks even sicker.
The sun moth bites you!
You are covered in liquid flames.
You block the emperor scorpion's attack.
The emperor scorpion claws you but does no damage.
You block the emperor scorpion's attack.
The moth of wrath is engulfed in poison gas.
The moth of wrath looks as sick as possible!
You kill the moth of wrath!
The sun moth is engulfed in poison gas.
The sun moth looks as sick as possible!
The sun moth bites you!
You are covered in liquid flames.
The emperor scorpion misses you. x2; The emperor scorpion barely misses you.
The redback is engulfed in poison gas.
The redback looks even sicker.
The tarantella is engulfed in poison gas.
The tarantella looks even sicker.
You take 28 damage, and have 82/162 hp.
You pummel the sun moth like a punching bag!!!
The sun moth is heavily wounded.
The sun moth looks as sick as possible!
You block the sun moth's attack. The emperor scorpion misses you.
The emperor scorpion claws you but does no damage. x2
The tarantella is engulfed in poison gas.
The tarantella looks even sicker.
The redback is engulfed in poison gas.
The redback looks as sick as possible!
You kill the redback!
The sun moth is engulfed in poison gas.
The sun moth looks as sick as possible!
The sun moth bites you! The emperor scorpion misses you.
You block the emperor scorpion's attack.
The emperor scorpion claws you but does no damage.
You take 16 damage, and have 66/162 hp.
You hit the emperor scorpion but do no damage.
The emperor scorpion is moderately wounded.
The tarantella looks as sick as possible!
The sun moth is engulfed in poison gas.
The sun moth looks as sick as possible!
The sun moth misses you. The emperor scorpion misses you. x2
You block the emperor scorpion's attack.
The sun moth is engulfed in poison gas.
The sun moth looks as sick as possible!
The sun moth completely misses you.
You block the emperor scorpion's attack. x2
The emperor scorpion barely misses you.
The tarantella looks as sick as possible!
The sun moth is engulfed in poison gas.
The sun moth looks as sick as possible!
The sun moth bites you!
You are covered in liquid flames.
You take 13 damage, and have 53/162 hp.
Casting: Static Discharge (safe; 1% risk of failure)
Confirm with . or Enter, or press ? or * to list all spells.
You blink.
The tarantella is engulfed in poison gas.
The tarantella looks as sick as possible!
The sun moth is engulfed in poison gas.
The sun moth looks as sick as possible!
The tarantella is engulfed in poison gas.
The tarantella looks as sick as possible! x2
As you read the scroll of teleportation, it crumbles to dust.
You feel strangely unstable.
The tarantella is engulfed in poison gas.
The tarantella looks as sick as possible!
You block the tarantella's attack.
The sun moth is engulfed in poison gas.
The sun moth looks as sick as possible!
You block the emperor scorpion's attack. x2
The emperor scorpion misses you.
The tarantella is engulfed in poison gas.
The tarantella looks as sick as possible!
You kill the tarantella!
The sun moth is engulfed in poison gas.
The sun moth looks as sick as possible!
You block the sun moth's attack. The emperor scorpion stings you!!
* * * LOW HITPOINT WARNING * * *
The emperor scorpion closely misses you.
The emperor scorpion claws you but does no damage.
The sun moth is engulfed in poison gas.
The sun moth looks as sick as possible!
The sun moth bites you!!
* * * LOW HITPOINT WARNING * * *
The emperor scorpion closely misses you.
The emperor scorpion completely misses you.
The emperor scorpion claws you.
* * * LOW HITPOINT WARNING * * *
You take 39 damage, and have 14/162 hp.
MASSIVE DAMAGE!!
Casting: Blink (safe; 1% risk of failure)
Confirm with . or Enter, or press ? or * to list all spells.
You blink.
* * * LOW HITPOINT WARNING * * *
The sun moth is engulfed in poison gas.
The sun moth looks as sick as possible! x2
The sun moth is engulfed in poison gas.
The sun moth looks as sick as possible!
The sun moth bites you!!
You die...

..........°§§☼.§☼.○.###
....^...#.§°§°.§°^^.°§#
#..#...^~#§^°°^°°#.§§§#
....^.#~^.§○§☼#○§.○§§##
..~~~~~..~§☼§°§○.§○#~##
^.~≈≈≈~#.^§≈s§°#○§#☼#[#
~~~≈≈≈≈~.~~≈§≈~°s§°~§§#
~≈≈≈≈###'###☼§☼§y§°☼.☼##
~≈≈≈##.s.# ##°°°8§§§°..#
~~≈##.^s.. ##§°○§§#§#^#
~~≈#~^.[!!^ #°○☼○°☼°°.#
~≈≈##..s[!.^ #§°☼☼§§.§.#
~≈≈#^..!φ[..~#≈≈~^...#.#
~≈≈#^~..!..^~#≈~~.#..#.#
~≈≈###.#.!.~##≈≈~......#
~≈≈≈≈## #≈≈≈~......#
~~≈≈≈≈### ###≈≈≈~......#


You could see 2 emperor scorpions and a sun moth (berserk, extremely poisoned).

Vanquished Creatures
  Donald (Orc:2)
  A fire giant (D:13)
  A frost giant (D:13)
  2 emperor scorpions
  A broodmother (Spider:3)
  A stone giant (D:13)
  A minotaur (Gauntlet)
  7 hydras
  3 entropy weavers
  Fannar (Lair:2)
  A death knight (D:15)
  7 centaur warriors
  A two-headed ogre (D:10)
  3 boulder beetles
  4 catoblepae
  3 tengu warriors
  4 death yaks
  5 demonic crawlers
  3 orc high priests (Orc:2)
  Nergalle (Lair:1)
  2 sun moths
  4 pharaoh ants
  10 orb spiders
  A glowing orange brain (D:15)
  A phantasmal warrior (D:15)
  A deep elf archer (Volcano)
  A lindwurm (Lair:3)
  4 steelbarb worms
  A wizard (D:15)
  4 orc knights (Orc:2)
  Pikel (D:7)
  7 deep elf pyromancers
  7 ugly things
  A shining eye (shapeshifter) (D:15)
  8 wolf spiders
  5 orc sorcerers
  A moth of wrath (Spider:4)
  3 manticores
  A salamander (shapeshifter) (D:13)
  A black mamba (Lair:4)
  3 elephants (Lair:2)
  Maurice (Orc:1)
  8 slime creatures
  A rust devil (Gauntlet)
  6 cane toads
  6 torpor snails
  3 rime drakes
  A freezing wraith (D:15)
  A tengu conjurer (D:13)
  5 komodo dragons
  A kobold demonologist (D:8)
  An efreet (D:13)
  3 trolls
  A meliai (D:13)
  8 polar bears
  16 tarantellas
  5 blink frogs
  4 hornets
  A raiju (shapeshifter) (D:13)
  3 dream sheep (Lair:5)
  16 culicivoras
  A ynoxinul (Gauntlet)
  7 jumping spiders
  3 centaur simulacra
  8 spriggans (Lair:5)
  9 wyverns
  17 yaks
  3 fire bats (Lair:3)
  The ghost of MrSquiggles the Poker, an amateur MiFi (D:4)
  3 fire elementals
  6 basilisks
  A steam dragon (Lair:2)
  17 redbacks
  7 vampire mosquitoes
  2 wargs (Orc:1)
  2 acid dragons
  15 water moccasins
  Duvessa (D:7)
  3 hell hounds
  A sky beast (D:7)
  A black bear (shapeshifter) (D:14)
  3 black bears
  11 orc warriors
  7 ogres
  6 boggarts
  20 wolves
  12 centaurs
  A kobold brigand (D:9)
  A gnoll sergeant (D:11)
  9 bullfrogs
  A scorpion (D:6)
  A cane toad simulacrum (Gauntlet)
  3 wights (D:8)
  Dowan (D:7)
  6 killer bees (D:13)
  5 electric eels
  2 jellies
  2 quasits (D:4)
  3 hounds
  12 orc priests
  2 hell rats (D:14)
  2 iguanas (D:5)
  14 orc wizards
  Natasha (thrice) (D:3)
  5 gnolls
  9 adders
  3 white imps
  A worm (D:2)
  A dart slug (D:3)
  32 orcs
  5 endoplasms
  A giant cockroach (D:2)
  8 goblins
  5 hobgoblins
  2 quokkas
  5 ball pythons
  4 bats
  3 frilled lizards
  10 kobolds
  2 rats
540 creatures vanquished.

Vanquished Creatures (collateral kills)
  2 emperor scorpions (Spider:3)
  3 ghost moths
  2 very ugly things (D:15)
  4 vault guards
  An entropy weaver (Spider:3)
  4 hydras
  2 jorogumos
  4 boulder beetles
  3 centaur warriors
  3 radroaches
  A tengu warrior (D:13)
  4 demonic crawlers
  A skyshark (Lair:3)
  A pharaoh ant (Spider:4)
  A sun moth (Spider:4)
  3 orb spiders (Spider:4)
  A phantasmal warrior (D:15)
  8 wolf spiders
  3 steelbarb worms
  A moth of wrath (Spider:1)
  5 cyclopes
  A manticore (D:14)
  An ugly thing (D:14)
  2 elephants
  6 black mambas
  4 cane toads
  A torpor snail (shapeshifter) (D:13)
  Maggie (Lair:2)
  A yaktaur (D:13)
  2 rime drakes (D:14)
  3 tengu conjurers
  3 trolls
  10 tarantellas
  2 meliai (D:13)
  A polar bear (Lair:5)
  A queen bee (D:13)
  2 hornets
  Prince Ribbit (D:7)
  4 dream sheep (Lair:5)
  2 spriggans (Lair:5)
  20 jumping spiders
  A shadow (D:12)
  3 centaur simulacra
  6 culicivoras
  2 slime creatures (D:12)
  5 wyverns (D:14)
  The ghost of chickenninja42 the Trooper, an amateur MiFi (D:3)
  3 fire elementals (Volcano)
  A wraith (D:11)
  A fire bat (Lair:3)
  12 yaks
  4 vampire mosquitoes (D:13)
  3 basilisks
  25 redbacks
  A warg (Orc:1)
  An acid dragon (D:8)
  6 hell hounds
  A water moccasin (D:7)
  6 orc warriors
  A nameless horror (Spider:2)
  An ogre (Orc:2)
  An ice beast (D:6)
  A black bear (Lair:2)
  8 wolves
  3 centaurs
  A phantom (D:5)
  10 bullfrogs
  A kobold brigand (D:6)
  2 scorpions
  A wight (D:9)
  14 killer bees (D:13)
  2 howler monkeys (D:12)
  2 electric eels (D:11)
  2 quasits (D:4)
  5 hounds
  3 orc priests
  Crazy Yiuf (D:4)
  2 jellies
  3 iron imps (Gauntlet)
  4 sleepcaps
  Ijyb (D:5)
  2 iguanas
  9 orc wizards
  2 gnolls (D:5)
  2 adders
  A worm (D:3)
  11 orcs
  2 endoplasms
  2 quokkas
  A butterfly (Lair:3)
308 creatures vanquished.

Vanquished Creatures (others)
  A deep elf pyromancer (D:12)
  A hound (D:11)
  35 battlemagi
  An ancestor (D:4)
38 creatures vanquished.

Grand Total: 886 creatures vanquished

Notes
Turn   | Place    | Note
-------+----------+-------------------------------------------
     0 | D:1      | mdonais the Djinni Air Elementalist began the quest for the
                  | Orb.
     0 | D:1      | mdonais set off with the following spells memorised: Shock,
                  | Static Discharge, Swiftness, Airstrike.
     0 | D:1      | Reached XP level 1. HP: 15/15 MP: 0/0
   384 | D:1      | Reached skill level 1 in Fighting
   439 | D:1      | Reached XP level 2. HP: 21/22 MP: 0/0
   761 | D:2      | Found Ross's Antique Weapon Shop.
   784 | D:2      | Reached XP level 3. HP: 23/27 MP: 0/0
   784 | D:2      | Learned a level 1 spell: Freeze
  1247 | D:3      | Found a transporter.
  1257 | D:3      | Noticed chickenninja42's ghost (amateur MiFi)
  1260 | D:3      | Found a transporter.
  1281 | D:3      | Found a burning altar of Makhleb.
  1313 | D:3      | Noticed Natasha
  1319 | D:3      | Killed Natasha
  1320 | D:3      | Reached skill level 2 in Fighting
  1320 | D:3      | Reached XP level 4. HP: 25/33 MP: 0/0
  1325 | D:3      | Noticed Natasha
  1330 | D:3      | Killed Natasha
  1331 | D:3      | Reached skill level 1 in Evocations
  1476 | D:3      | Noticed Natasha
  1487 | D:3      | Killed Natasha
  1488 | D:3      | Reached XP level 5. HP: 33/38 MP: 0/0
  1488 | D:3      | Learned a level 2 spell: Searing Ray
  1672 | D:3      | Reached XP level 6. HP: 32/43 MP: 0/0
  1754 | D:3      | Found a faded altar of an unknown god.
  2015 | D:3      | Prayed at the altar of an unknown god.
  2015 | D:3      | Became a worshipper of Hepliaklqana the Forgotten
  2015 | D:3      | Reached * piety under Hepliaklqana
  2045 | D:4      | Noticed an ogre
  2260 | D:4      | Identified the +5 dagger of Diet Blood {flame, rN+}
  2310 | D:4      | Found a staircase to the Ecumenical Temple.
  2319 | D:4      | Killed an ogre
  2409 | D:4      | Reached XP level 7. HP: 37/44 MP: 0/0
  2409 | D:4      | Learned a level 2 spell: Blink
  2603 | D:4      | Reached skill level 5 in Spellcasting
  2603 | D:4      | Reached skill level 5 in Conjurations
  2603 | D:4      | Reached skill level 5 in Hexes
  2603 | D:4      | Reached skill level 5 in Summonings
  2603 | D:4      | Reached skill level 5 in Necromancy
  2603 | D:4      | Reached skill level 5 in Translocations
  2603 | D:4      | Reached skill level 5 in Transmutations
  2603 | D:4      | Reached skill level 5 in Fire Magic
  2603 | D:4      | Reached skill level 5 in Ice Magic
  2603 | D:4      | Reached skill level 5 in Air Magic
  2603 | D:4      | Reached skill level 5 in Earth Magic
  2603 | D:4      | Reached skill level 5 in Poison Magic
  2767 | D:4      | Found a transporter.
  2774 | D:4      | Noticed MrSquiggles's ghost (amateur MiFi)
  2807 | D:4      | Found a transporter.
  2857 | D:4      | Reached ** piety under Hepliaklqana
  2858 | D:4      | Remembered your ancestor Wotan as a battlemage
  2978 | D:4      | Found a runed translucent door.
  2979 | D:4      | Noticed Crazy Yiuf
  3334 | D:4      | Killed Crazy Yiuf
  3435 | D:5      | Entered Level 5 of the Dungeon
  3601 | D:5      | Reached XP level 8. HP: 48/48 MP: 0/0
  3829 | D:5      | Reached skill level 3 in Fighting
  4277 | D:5      | Reached skill level 4 in Fighting
  4294 | D:5      | Found a sacrificial altar of Ru.
  4351 | D:5      | Noticed Ijyb
  4358 | D:5      | Killed Ijyb
  4571 | D:5      | Reached skill level 1 in Armour
  4936 | D:6      | Identified the +4 sling "Ykusuafi" {flame, +Blink rF- rC+++
                  | Str-3}
  4965 | D:6      | Identified a scroll of acquirement
  4969 | D:6      | Acquired the amulet "Fyuptas" {rN+ Regen+ Int+4 SInv}
  5139 | D:6      | Reached XP level 9. HP: 56/56 MP: 0/0
  5139 | D:6      | Learned a level 3 spell: Portal Projectile
  5385 | D:7      | Reached skill level 5 in Fighting
  5414 | D:7      | Reached *** piety under Hepliaklqana
  5469 | D:7      | Noticed Duvessa
  5469 | D:7      | Noticed Dowan
  5476 | D:7      | Killed Duvessa
  5477 | D:7      | Killed Dowan
  5546 | D:7      | Reached skill level 5 in Dodging
  5571 | D:7      | Noticed Pikel
  5602 | D:7      | Killed Pikel
  5603 | D:7      | Reached skill level 6 in Fighting
  5736 | D:7      | Noticed Prince Ribbit
  5738 | D:7      | Killed Prince Ribbit
  5875 | D:7      | Reached XP level 10. HP: 64/64 MP: 0/0
  6023 | D:8      | Noticed a kobold demonologist
  6030 | D:8      | Killed a kobold demonologist
  6276 | D:8      | Found an ornate altar of the Wu Jian Council.
  6543 | D:9      | Reached skill level 7 in Fighting
  6682 | D:9      | Reached XP level 11. HP: 54/72 MP: 0/0
  6682 | D:9      | Learned a level 4 spell: Anguish
  6755 | D:9      | Reached **** piety under Hepliaklqana
  6921 | D:9      | Reached skill level 8 in Fighting
  7122 | D:10     | Entered Level 10 of the Dungeon
  7402 | D:10     | Noticed a two-headed ogre
  7418 | D:10     | Killed a two-headed ogre
  7763 | D:10     | Found a staircase to the Orcish Mines.
  8181 | D:11     | Reached skill level 5 in Shields
  8239 | D:11     | Found a staircase to the Lair.
  8488 | D:11     | Noticed a cyclops
  8492 | D:11     | Killed a cyclops
  8493 | D:11     | Reached skill level 9 in Fighting
  8786 | Lair:1   | Entered Level 1 of the Lair of Beasts
  8786 | Lair:1   | Noticed Nergalle
  8786 | Lair:1   | Found a gate leading to a gauntlet.
  8791 | Lair:1   | Killed Nergalle
  8805 | Gauntlet | Entered a Gauntlet
  8805 | Gauntlet | Found a transporter.
  8805 | Gauntlet | Found a transporter.
  8815 | Gauntlet | Noticed a worldbinder
  8822 | Gauntlet | Found a transporter.
  8837 | Gauntlet | Noticed a catoblepas
  8840 | Gauntlet | Found a transporter.
  8840 | Gauntlet | Found a transporter.
  8840 | Gauntlet | Found a transporter.
  8842 | Gauntlet | Found a transporter.
  8842 | Gauntlet | Found a transporter.
  8858 | Gauntlet | Found a transporter.
  8867 | Gauntlet | Noticed a cacodemon
  8873 | Gauntlet | Noticed an entropy weaver
  8874 | Gauntlet | Found a transporter.
  8875 | Gauntlet | Found the +5 scythe "Finisher" {speed, execute}
  8878 | Gauntlet | Reached ***** piety under Hepliaklqana
  8884 | Gauntlet | Found a transporter.
  8896 | Gauntlet | Noticed a fire crab
  8899 | Gauntlet | Found a transporter.
  8919 | Gauntlet | Found a transporter.
  8926 | Gauntlet | Found a runed translucent gate.
  8926 | Gauntlet | Found a runed translucent gate.
  8926 | Gauntlet | Found a runed translucent gate.
  8932 | Gauntlet | Found a transporter.
  8999 | Gauntlet | Reached XP level 12. HP: 63/81 MP: 0/0
  9117 | Gauntlet | Identified the ring "Jeomoot" {rC+ AC+4}
  9188 | Gauntlet | Identified the +10 trident of Ecusemyg {pain, Fly Dex+3}
  9188 | Gauntlet | Noticed a minotaur
  9232 | Gauntlet | Killed a minotaur
  9297 | Gauntlet | Identified the +1 robe of the Hunter {Rampage *Slow +Blink
                  | Int-2}
 10367 | Lair:2   | Noticed Maggie
 10370 | Lair:2   | Killed Maggie
 10466 | Lair:2   | Reached skill level 5 in Evocations
 10522 | Lair:2   | Noticed a six-headed hydra
 10532 | Lair:2   | Killed a six-headed hydra
 10635 | Lair:2   | Noticed Fannar
 10644 | Lair:2   | Killed Fannar
 10667 | Lair:2   | Reached skill level 10 in Shields
 10736 | Lair:2   | Reached XP level 13. HP: 80/84 MP: 0/0
 10736 | Lair:2   | Learned a level 5 spell: Agony
 10996 | Lair:2   | Found a hole to the Spider Nest.
 11393 | Lair:3   | Reached skill level 10 in Fighting
 11606 | Lair:3   | Noticed a five-headed hydra
 11610 | Lair:3   | Killed a five-headed hydra
 11626 | Lair:3   | Found a runed translucent door.
 11644 | Lair:3   | Identified the +2 pair of gloves of the Sun {Int+2}
 11947 | Lair:3   | Found a staircase to the Shoals.
 12089 | Lair:3   | Noticed an eight-headed hydra
 12105 | Lair:3   | Killed an eight-headed hydra
 12110 | Lair:3   | Reached skill level 10 in Spellcasting
 12110 | Lair:3   | Reached skill level 10 in Conjurations
 12110 | Lair:3   | Reached skill level 10 in Hexes
 12110 | Lair:3   | Reached skill level 10 in Summonings
 12110 | Lair:3   | Reached skill level 10 in Necromancy
 12110 | Lair:3   | Reached skill level 10 in Translocations
 12110 | Lair:3   | Reached skill level 10 in Transmutations
 12110 | Lair:3   | Reached skill level 10 in Fire Magic
 12110 | Lair:3   | Reached skill level 10 in Ice Magic
 12110 | Lair:3   | Reached skill level 10 in Air Magic
 12110 | Lair:3   | Reached skill level 10 in Earth Magic
 12110 | Lair:3   | Reached skill level 10 in Poison Magic
 12427 | Lair:4   | Found a viscous altar of Jiyva.
 12447 | Lair:4   | Found a staircase to the Slime Pits.
 12623 | Lair:4   | Noticed a catoblepas
 12673 | Lair:4   | Killed a catoblepas
 12799 | Lair:4   | Reached skill level 11 in Fighting
 12916 | Lair:4   | Noticed a seven-headed hydra
 12918 | Lair:4   | Killed a seven-headed hydra
 13116 | Lair:4   | Noticed a seven-headed hydra
 13120 | Lair:4   | Killed a seven-headed hydra
 13121 | Lair:4   | Reached XP level 14. HP: 90/94 MP: 0/0
 13249 | Lair:4   | Found the +0 mask of the Dragon {Will+ Slay+3 SInv}
 13368 | Lair:4   | Reached ****** piety under Hepliaklqana
 13915 | Lair:4   | Found a viscous altar of Jiyva.
 13917 | Lair:4   | Found a staircase to the Slime Pits.
 14665 | Orc:1    | Entered Level 1 of the Orcish Mines
 14665 | Orc:1    | Noticed Maurice
 14670 | Orc:1    | Killed Maurice
 14684 | Orc:2    | Entered Level 2 of the Orcish Mines
 14684 | Orc:2    | Found Gucuefan's General Store.
 14690 | Orc:2    | Found Uxzeemu's Armour Emporium.
 14691 | Orc:2    | Found Judwigun's Distillery.
 14764 | Orc:2    | Found a staircase to the Elven Halls.
 14805 | Orc:1    | Found a dark tunnel.
 14815 | Volcano  | Entered a volcano
 14875 | Volcano  | Reached skill level 12 in Fighting
 15551 | Orc:2    | Found Ahaifaix's Assorted Antiques.
 15552 | Orc:2    | Found Adyodiar's Weapon Emporium.
 15940 | Orc:2    | Noticed Donald
 15958 | Orc:2    | Killed Donald
 16102 | Orc:2    | Found Yxtuam Jania's Magic Scroll Emporium.
 16102 | Orc:2    | Found Edutouda's Antique Weapon Emporium.
 16103 | Orc:2    | Found Emac's Book Shop.
 16103 | Orc:2    | Found Aduaxoin's Antique Weapon Shop.
 16229 | Orc:2    | Bought a manual of Fighting for 1120 gold pieces
 16299 | Orc:2    | Bought a potion of heal wounds for 75 gold pieces
 16299 | Orc:2    | Bought a potion of haste for 150 gold pieces
 16299 | Orc:2    | Bought a potion of haste for 150 gold pieces
 16299 | Orc:2    | Bought a potion of cancellation for 120 gold pieces
 16780 | Lair:5   | Entered Level 5 of the Lair of Beasts
 16871 | Lair:5   | Reached XP level 15. HP: 92/100 MP: 0/0
 16871 | Lair:5   | Learned a level 6 spell: Statue Form
 17699 | Lair:5   | Identified the +2 robe of the Planets {rElec rN++ rCorr
                  | Str-5}
 17890 | Lair:5   | Reached skill level 13 in Fighting
 18541 | D:12     | Reached skill level 1 in Unarmed Combat
 19176 | D:13     | Reached skill level 5 in Unarmed Combat
 19347 | D:13     | Found Nezam's Jewellery Boutique.
 19638 | D:13     | Noticed a stone giant
 19638 | D:13     | Noticed a frost giant
 19641 | D:13     | Killed a frost giant
 19643 | D:13     | Killed a stone giant
 19681 | D:13     | Noticed a fire giant
 19686 | D:13     | Killed a fire giant
 19723 | D:13     | Identified the ring of Zokk {Drain rN+ Int+8 Dex+2}
 19900 | D:13     | Reached XP level 16. HP: 104/108 MP: 0/0
 20075 | D:14     | Found a broken altar of Ashenzari.
 20402 | D:14     | Found a gate to the Vaults.
 20559 | D:14     | Reached skill level 10 in Unarmed Combat
 21021 | D:14     | Reached skill level 14 in Fighting
 21088 | D:15     | Entered Level 15 of the Dungeon
 21982 | D:15     | Found a staircase to the Depths.
 22278 | Spider:1 | Entered Level 1 of the Spider Nest
 22521 | D:4      | Killed MrSquiggles's ghost
 22607 | D:3      | Killed chickenninja42's ghost
 23142 | Spider:1 | Reached XP level 17. HP: 116/116 MP: 0/0
 23142 | Spider:1 | Learned a level 6 spell: Summon Cactus Giant
 23858 | Spider:1 | Reached skill level 15 in Fighting
 24618 | Spider:2 | Reached skill level 15 in Unarmed Combat
 24636 | Spider:2 | Reached skill level 10 in Dodging
 25005 | Spider:3 | Reached XP level 18. HP: 34/124 MP: 0/0
 25334 | Spider:4 | Entered Level 4 of the Spider Nest
 25759 | Spider:4 | Reached skill level 16 in Fighting
 26028 | Spider:4 | Found a runed translucent gate.
 26028 | Spider:4 | Found a runed translucent gate.
 26054 | Spider:4 | Found a runed translucent gate.
 26065 | Spider:4 | Noticed Iich's ghost (adept DsFi)
 26164 | Spider:4 | Mangled by a sun moth

Illustrated notes

Levels and vault maps discovered:
D:1:      minmay_arrival_stone_box, layout_basic
D:2:      layout_basic, serial_shops, nicolae_shop_crystal
D:3:      layout_rooms, bloody_makhleb, gammafunk_ghost_arena,
          shapermc_ecumenical_altar_ellora, uniq_natasha
D:4:      layout_basic, minmay_temple_entry_sparse_star,
          gammafunk_ghost_stat_death, uniq_crazy_yiuf_cottage
D:5:      layout_basic, hangedman_ru_absence, uniq_ijyb
D:6:      layout_basic, kennysheep_another_room, dreamdust_princess_corridor,
          minmay_holes
D:7:      layout_basic, grunt_ministairs_10, uniq_prince_ribbit1, uniq_pikel,
          uniq_duvessa
D:8:      layout_cave_pools, nicolae_wu_jian_wuxing_cycle,
          kennysheep_generic_room_6
D:9:      layout_cave_pools, hangedman_corner_corridor
D:10:     layout_loops_ring, david_orc_4
D:11:     layout_rooms, erik_lair_island
D:12:     layout_loops_ring
D:13:     minmay_sliced_demisemicircle, layout_grid_maze, serial_shops,
          nicolae_shop_trees, special_room [special_room_bee], serial_glass,
          glass_columns_c, glass_columns_b, kennysheep_generic_room_15
D:14:     layout_roguey [special_room_mythical_zoo],
          lightli_vaults_fourway_checkpoint, nicolae_ashenzari_panopticon
D:15:     gammafunk_enter_depths_forms, layout_grid_maze,
          minmay_misc_feat_encased
Lair:1:   layout_small_grid, gauntlet_entry_generic, beast_lair_carwin_9,
          serial_bayou_shore_b, uniq_nergalle
Lair:2:   layout_chaotic_city, dummy_spider_entry,
          hangedman_lair_unloving_vines, uniq_fannar, uniq_maggie
Lair:3:   layout_gridlike, shoals_dummy_entry, pf_torpor_hydra,
          lemuel_fruit_fields
Lair:4:   nzn_winding_woodlands_cross [nzn_winding_woodlands_5x15_longhouse,
          nzn_winding_woodlands_5x15_sawtooth,
          nzn_winding_woodlands_5x15_lazy_stream,
          nzn_winding_woodlands_5x15_split_checker,
          nzn_winding_woodlands_15x15_eel_pit], layout_cave_shapes,
          nicolae_slime_entry_slimehenge, nicolae_lair_grove_arrangements
Lair:5:   minmay_lair_end_enchanted_forest, layout_regular_city
Spider:1: layout_chambers
Spider:2: layout_spider_delve
Spider:3: layout_spider_delve, nicolae_spider_cling_halls
Spider:4: grunt_spider_rune_island, gammafunk_ghost_split,
          nicolae_spider_checkerboard
Orc:1:    layout_caves, nicolae_volcano_entry_s_turn, uniq_maurice
Orc:2:    st_orc_elflike, layout_diamond_mine, serial_shops, shop, shop, shop,
          nicolae_shop_hallway_stairs, nicolae_shop_bloodbath_and_beyond,
          uniq_donald

Skill      XL: |  1  2  3  4  5  6  7  8  9 10 11 12 13 14 15 16 17 18 |
---------------+-------------------------------------------------------+-----
Spellcasting   | 4 5 6 7 8 9 10 12 | 12.4
Conjurations   | 4 5 6 7 8 9 10 12 | 12.4
Hexes          | 4 5 6 7 8 9 10 12 | 12.4
Summonings     | 4 5 6 7 8 9 10 12 | 12.4
Necromancy     | 4 5 6 7 8 9 10 12 | 12.4
Translocations | 4 5 6 7 8 9 10 12 | 12.4
Transmutations | 4 5 6 7 8 9 10 12 | 12.4
Fire Magic     | 4 5 6 7 8 9 10 12 | 12.4
Ice Magic      | 4 5 6 7 8 9 10 12 | 12.4
Air Magic      | 4 5 6 7 8 9 10 12 | 12.4
Earth Magic    | 4 5 6 7 8 9 10 12 | 12.4
Poison Magic   | 4 5 6 7 8 9 10 12 | 12.4
Fighting       | 1 2 4 6 7 9 11 12 13 14 15 16 | 16.0
Stealth        | 2 3 |  3.0
Evocations     | 1 2 3 4 6 7 |  7.0
Dodging        | 4 5 7 8 9 12 | 12.5
Armour         | 1 |  1.0
Shields        | 5 10 11 12 | 12.7
Unarmed Combat | 7 12 15 | 15.7

Action                     |  1- 3 |  4- 6 |  7- 9 | 10-12 | 13-15 | 16-18 || total
---------------------------+-------+-------+-------+-------+-------+-------++-------
  Melee: Dagger            |       |     3 |       |       |       |       ||     3
         Quarterstaff      |       |       |     1 |       |       |       ||     1
         Trident           |       |       |       |       |    26 |    27 ||    53
         Unarmed           |       |       |       |       |       |   355 ||   355
  Throw: Dart              |       |       |       |       |     2 |       ||     2
   Cast: Shock             |    60 |    69 |   121 |    29 |       |       ||   279
         Airstrike         |       |     4 |    45 |   227 |   536 |   186 ||   998
         Blink             |       |       |     2 |       |     6 |     3 ||    11
         Static Discharge  |       |       |     1 |     9 |    17 |     2 ||    29
         Searing Ray       |       |       |       |     4 |       |       ||     4
         Anguish           |       |       |       |     1 |       |       ||     1
         Statue Form       |       |       |       |       |     8 |    51 ||    59
         Summon Cactus Gia |       |       |       |       |       |     9 ||     9
 Invoke: Ancestor Identity |       |     1 |     1 |       |       |       ||     2
         Recall Ancestor   |       |     1 |       |     2 |     1 |     1 ||     5
         Ancestor Life: Ba |       |       |     1 |       |       |       ||     1
    Use: Scroll            |       |     5 |     8 |    16 |     6 |     5 ||    40
         Potion            |       |       |       |     5 |       |     2 ||     7
   Stab: Sleeping          |       |       |       |       |       |     2 ||     2
         Distracted        |       |       |       |       |       |     8 ||     8
 Armour: Robe              |     1 |     4 |     1 |       |       |     4 ||    10
         Leather armour    |       |       |     4 |     2 |     3 |       ||     9
         Troll leather arm |       |       |       |     4 |     9 |     3 ||    16
         Skin              |       |       |       |     4 |    28 |   441 ||   473
  Dodge: Dodged            |     7 |     5 |     8 |    18 |    89 |   541 ||   668
  Block: Buckler           |       |       |       |     1 |       |       ||     1
         Kite shield       |       |       |       |     3 |    81 |   484 ||   568
         Reflection        |       |       |       |       |     4 |    18 ||    22

Table legend: (Time is in decaauts)
 A = Elapsed time spent in this place.
 B = Non-inter-level travel time spent in this place.
 C = Inter-level travel time spent in this place.
 D = Time resting spent in this place.
 E = Time spent auto-exploring this place.
 F = Levels seen in this place.
 G = Mean time per level.
                   A        B        C        D        E       F      G
               +--------+--------+--------+--------+--------+-----+--------+
         Total |  27704 |  25051 |   2653 |   2070 |  16913 |  28 |  989.4 |
       Dungeon |  14258 |  12429 |   1829 |   1070 |   8735 |  15 |  950.5 |
          Lair |   6867 |   6373 |    494 |    274 |   4845 |   5 | 1373.4 |
   Spider Nest |   4103 |   4050 |     53 |    372 |   2377 |   4 | 1025.8 |
  Orcish Mines |   1672 |   1396 |    276 |    119 |    818 |   2 |  836.0 |
       Volcano |    309 |    309 |      0 |     99 |      5 |   1 |  309.0 |
      Gauntlet |    493 |    493 |      0 |    135 |    132 |   1 |  493.0 |
               +--------+--------+--------+--------+--------+-----+--------+

Top non-repeatable levels by time:
  Lair:4: 2335 daAuts
Spider:1: 1693 daAuts
    D:13: 1622 daAuts
     D:4: 1511 daAuts
     D:5: 1324 daAuts
  Lair:5: 1291 daAuts
    D:15: 1170 daAuts
    D:10: 1170 daAuts
  Lair:1: 1140 daAuts
  Lair:2: 1130 daAuts
   Orc:2: 1108 daAuts
Spider:4: 1017 daAuts
    D:14: 1008 daAuts
  Lair:3: 970 daAuts
     D:3: 930 daAuts
